 Dungeon Sprint DCSS version 0.26-a0-859-gf57989e088 (webtiles) character file.

Game seed: 418415500311872481

23 Conn the Firebug (level 3, -2/31 HPs)
             Began as an Octopode Fire Elementalist on Nov 25, 2020.
             Slain by a worker ant (5 damage)
             ... in the Dungeon (Sprint II: "The Violet Keep of Menkaure").
             The game lasted 00:00:40 (14 turns).

Conn the Firebug (Octopode Fire Elementalist)         Turns: 14, Time: 00:00:41

Health: -2/31      AC:  1    Str:  7    XL:     3   Next: 0%
Magic:  0/7        EV: 14    Int: 18    God:
Gold:   0          SH:  0    Dex: 12    Spells: 7/8 levels left

rFire    . . .     SeeInvis .   (no weapon)
rCold    . . .     Faith    .   (no shield)
rNeg     . . .     Spirit   .   (helmet restricted)
rPois    .         Reflect  .   (no amulet)
rElec    .         Harm     .   (no ring)
rCorr    .         Rampage  .   (no ring)
MR       .....     NoTele   +   (no ring)
Stlth    ..........             (no ring)
HPRegen  0.10/turn              (no ring)
MPRegen  0.10/turn              (no ring)
                                (no ring)
                                (no ring)

@: berserking, lethally poisoned (-2 -> -9), hasted, very quick
A: almost no armour, stealthy swim, amphibious, 8 rings, constrict 8, camouflage
1, gelatinous body 1
a: no special abilities


You were in the Dungeon.
You visited 1 branch

Inventory:

Scrolls
 g - a scroll of blinking
Potions
 b - a potion of curing
 c - a potion of heal wounds
 e - 2 potions of magic


   Skills:
 + Level 2.7 Dodging
 + Level 3.4 Stealth
 + Level 3.0 Spellcasting
 + Level 1.3 Conjurations
 + Level 5.0 Fire Magic


You had 7 spell levels left.
You knew the following spells:

 Your Spells              Type           Power        Failure   Level
a - Foxfire               Conj/Fire      ##..         4%          1

Your spell library contained the following spells:

 Spells                   Type           Power        Failure   Level
 Conjure Flame            Conj/Fire      ##......     13%         3
 Inner Flame              Hex/Fire       ##......     17%         3
 Sticky Flame             Conj/Fire      ##......     41%         4
 Fireball                 Conj/Fire      ##........   77%         5


Dungeon Overview and Level Annotations

Branches:
Dungeon (1/1)

Altars:


Innate Abilities, Weirdness & Mutations

You cannot wear most types of armour.
You are very stealthy in the water. (Stealth+)
You are amphibious.
You can wear up to eight rings at the same time.
You can use your tentacles to constrict eight enemies at once.
Your skin changes colour to match your surroundings (Stealth+).
Your rubbery body absorbs attacks. (AC +1, EV +1)


Message History

The worker ant poisons you!
You tentacle-slap the worker ant.
You kill the worker ant!
You feel sick. The worker ant closely misses you. x2
Your Stealth skill increases to level 3!
Your Spellcasting skill increases to level 3!
Your Fire Magic skill gained 2 levels and is now at level 5!
You have reached level 2!
You have reached level 3!
Your experience leads to an increase in your attributes!
Increase (S)trength, (I)ntelligence, or (D)exterity?
You feel clever.
Unknown command.
Unknown command.
You tentacle-slap the worker ant. Your grab misses the worker ant.
The worker ant is moderately wounded.
You feel sick. The worker ant bites you!
* * * LOW HITPOINT WARNING * * *
The worker ant bites you.
You die...

# #B #+#
#..##.##
#'B@.+
#..##B##
#. #+# #


You could see 2 worker ants.

Vanquished Creatures
  A worker ant (D)
1 creature vanquished.

Vanquished Creatures (others)
  5 foxfires (D)
5 creatures vanquished.

Grand Total: 6 creatures vanquished

Notes
Turn   | Place    | Note
-------+----------+-------------------------------------------
     0 | D        | Conn the Octopode Fire Elementalist began the quest for the
                  | Orb.
     0 | D        | Reached XP level 1. HP: 11/11 MP: 3/3
     1 | D        | Noticed a worker ant
     1 | D        | Noticed a worker ant
     1 | D        | Noticed a worker ant
     1 | D        | Noticed a worker ant
    13 | D        | Killed a worker ant
    14 | D        | Reached skill level 5 in Fire Magic
    14 | D        | Reached XP level 2. HP: 10/17 MP: 0/6
    14 | D        | Reached XP level 3. HP: 12/21 MP: 0/7
    14 | D        | Slain by a worker ant

Illustrated notes

Levels and vault maps discovered:
D:        the_violet_keep_of_menkaure [sprint2_stairs_cluster_1,
          sprint2_shoproom, sprint2_temple, sprint2_basic_supplies,
          sprint2_obstacle_4, sprint2_obstacle_6, sprint2_obstacle_7,
          sprint2_obstacle_5, sprint2_obstacle_3, sprint2_timed_cluster_1,
          sprint2_smallroom_cluster_1, sprint2_smallroom_final_cluster_1,
          sprint2_transparent_cluster_1, sprint2_second_timed_cluster_1,
          sprint2_sniper_area_1, sprint2_heavy_combat_area_1,
          sprint2_mutation_trap_area_1, sprint2_forest_area_1,
          sprint2_light_combat_area_1, sprint2_behind_water_1,
          sprint2_near_end_vault_1]

Skill      XL: |  1 |
---------------+----+-----
Stealth        | 3 |  3.4
Spellcasting   | 3 |  3.0
Fire Magic     | 5 |  5.0
Dodging        | |  2.7
Conjurations   | |  1.3

Action                   || total
-------------------------++-------
Melee: Unarmed           ||     4
       Constrict         ||     1
 Cast: Foxfire           ||     3
  Use: Potion            ||     2
Dodge: Dodged            ||     3

Table legend: (Time is in decaauts)
 A = Elapsed time spent in this place.
 B = Non-inter-level travel time spent in this place.
 C = Inter-level travel time spent in this place.
 D = Time resting spent in this place.
 E = Time spent auto-exploring this place.
 F = Levels seen in this place.
 G = Mean time per level.
                   A        B        C        D        E       F      G
               +--------+--------+--------+--------+--------+-----+--------+
         Total |     10 |     10 |      0 |      0 |      0 |   1 |   10.0 |
       Dungeon |     10 |     10 |      0 |      0 |      0 |   1 |   10.0 |
               +--------+--------+--------+--------+--------+-----+--------+

Top non-repeatable levels by time:
       D: 10 daAuts
